 Dungeon Crawl Stone Soup version 0.19.5 (webtiles) character file.

144 Kahvikuppo the Slasher (level 5, -11/42 HPs)
             Began as a Demonspawn Berserker on Apr 17, 2017.
             Was a Believer of Trog.
             Mangled by Pikel
             ... wielding a +1 whip of electrocution
              (14 damage)
             ... on level 4 of the Dungeon.
             The game lasted 00:14:09 (2229 turns).

Kahvikuppo the Slasher (Demonspawn Berserker)       Turns: 2229, Time: 00:14:10

Health: -11/42     AC:  9    Str: 19    XL:     5   Next: 5%
Magic:  5/5        EV: 14    Int:  8    God:    Trog [**....]
Gold:   159        SH:  0    Dex: 12    Spells: 0 memorised, 4 levels left

rFire  . . .     SeeInvis .     a - +0 falchion
rCold  . . .     Gourm    .     g - +0 ring mail
rNeg   . . .     Faith    +     (no shield)
rPois  .         Spirit   .     o - +0 helmet
rElec  .         Reflect  .     n - +0 cloak
rCorr  .         Harm     .     (no gloves)
MR     .....                    (no boots)
Stlth  +.........               s - amulet of faith
                                (no ring)
                                q - +3 ring of evasion

@: exhausted, slowed, very slow
A: thin metallic scales 1, spiny 1
a: Berserk, Trog's Hand, Burn Spellbooks, Renounce Religion


You were on level 4 of the Dungeon.
You worshipped Trog.
Trog was pleased with you.
You were near starving.

You visited 1 branch of the dungeon, and saw 4 of its levels.

You collected 159 gold pieces.

Inventory:

Hand Weapons
 a - a +0 falchion (weapon)
 i - a +0 dagger
 j - a +0 hunting sling
Missiles
 k - 31 sling bullets (quivered)
Armour
 d - a +0 leather armour
 g - a +0 ring mail (worn)
 n - a +0 cloak (worn)
 o - a +0 helmet (worn)
 r - a +0 helmet
Jewellery
 q - a +3 ring of evasion (left hand)
 s - an amulet of faith (around neck)
Wands
 p - a wand of random effects (48/48)
Scrolls
 c - a scroll of recharging
 e - 4 scrolls of identify
 f - a scroll of teleportation
 h - 2 scrolls of fog {unknown}
 l - 2 scrolls of fear {unknown}
Potions
 b - a potion of agility {unknown}
 t - a potion of cancellation {unknown}
Comestibles
 m - a bread ration


   Skills:
 + Level 3.8 Fighting
 + Level 4.0 Long Blades
 + Level 2.3 Armour
 + Level 2.4 Dodging
 + Level 0.4 Stealth


You had 4 spell levels left.
You didn't know any spells.

Dungeon Overview and Level Annotations

Branches:
Dungeon (4/15)
 Temple: D:4-7

Altars:

Annotations:
D:4 Pikel


Innate Abilities, Weirdness & Mutations

You are partially covered in thin metallic scales. (AC +2)
You are partially covered in sharp spines.


Message History

You hit Pikel but do no damage.
Pikel is almost dead.
Pikel closely misses you. The slave is struck by your spines.
The slave hits you but does no damage. The slave is struck by your spines.
The slave hits you.
You barely miss Pikel.
Pikel is almost dead.
You are no longer berserk.
You are exhausted.
You feel yourself slow down. Pikel hits you but does no damage.
You are electrocuted!
* * * LOW HITPOINT WARNING * * *
You completely miss Pikel.
Pikel is almost dead.
The slave closely misses you. The slave hits you.
* * * LOW HITPOINT WARNING * * *
Pikel hits you with a whip of electrocution.
* * * LOW HITPOINT WARNING * * *
You are electrocuted!
You die...

#. K...
####.####..### ####
#............# #..#
#..#.# #.#### #....#
#)...# #.p### #
####.# #Zs# .# #.#
#Kp###. #.# #p@#..
#.# #..#.# #.#
#..#.##### #.#
#......... #.#
##.#.##### #.#
.#####.#.#### #.#
.............# #.#
#.#####...##.####.#.#
................#.#


You could see Pikel, 3 slaves, a scorpion and an adder skeleton.

Vanquished Creatures
  A slave (D:4)
  Ijyb (D:2)
  An iguana (D:4)
  A worker ant (D:4)
  An adder (D:3)
  An ooze (D:2)
  3 worms
  2 dart slugs
  A leopard gecko (D:4)
  2 orcs (D:3)
  2 ball pythons (D:3)
  5 bats
  2 giant cockroaches
  7 goblins
  7 hobgoblins
  A frilled lizard (D:1)
  2 kobolds (D:3)
  4 rats
44 creatures vanquished.

Notes
Turn   | Place    | Note
-------+----------+-------------------------------------------
     0 | D:1      | Kahvikuppo the Demonspawn Berserker began the quest for the Orb.
     0 | D:1      | Reached XP level 1. HP: 18/18 MP: 1/1
   163 | D:1      | Gained mutation: You are partially covered in thin metallic scales. (AC +2) [demonic ancestry]
   163 | D:1      | Reached XP level 2. HP: 21/24 MP: 2/2
   179 | D:1      | Reached skill level 3 in Long Blades
   554 | D:2      | Noticed Ijyb
   570 | D:2      | Killed Ijyb
   570 | D:2      | Reached XP level 3. HP: 29/29 MP: 3/3
  1251 | D:3      | Gained mutation: You are partially covered in sharp spines. [demonic ancestry]
  1251 | D:3      | Reached XP level 4. HP: 28/36 MP: 4/4
  1472 | D:3      | Reached ** piety under Trog
  2182 | D:4      | Reached skill level 4 in Long Blades
  2182 | D:4      | Reached XP level 5. HP: 42/42 MP: 5/5
  2197 | D:4      | Noticed a slave
  2197 | D:4      | Noticed a slave
  2198 | D:4      | Noticed Pikel
  2198 | D:4      | Noticed a slave
  2199 | D:4      | Noticed a slave
  2215 | D:4      | Killed a slave
  2229 | D:4      | Mangled by Pikel

Skill      XL: |  1  2  3  4 |
---------------+-------------+-----
Long Blades    | 3 4 |  4.0
Armour         | 2 |  2.3
Dodging        | 2 |  2.4
Fighting       | |  3.8
Stealth        | |  0.4

Action                   |  1- 3 |  4- 6 || total
-------------------------+-------+-------++-------
Melee: Falchion          |    91 |    46 ||   137
       Short sword       |       |    29 ||    29
Invok: Berserk           |     1 |     1 ||     2
       Burn Spellbooks   |     1 |       ||     1
  Use: Scroll            |       |     4 ||     4
  Eat: Bread ration      |     1 |       ||     1
Armor: Animal skin       |     3 |       ||     3
       Leather armour    |    30 |     2 ||    32
       Ring mail         |       |    10 ||    10
Dodge: Dodged            |    60 |    62 ||   122
       Rpst.: Falchion   |    14 |    13 ||    27
